 Dungeon Crawl Stone Soup version 0.27.1-1-g398f81649c (webtiles) character file.

Game seed: 137405262977861663

135 Descartes the Stinger (level 4, 0/24 HPs)
             Began as a Deep Elf Venom Mage on Sept 18, 2021.
             Succumbed to a water moccasin's poison
             ... on level 4 of the Dungeon.
             The game lasted 00:08:30 (4097 turns).

Descartes the Stinger (Deep Elf Venom Mage)         Turns: 4097, Time: 00:08:30

Health: 0/24       AC:  7    Str:  5    XL:     4   Next: 97%
Magic:  8/11       EV: 28    Int: 21    God:
Gold:   143        SH:  0    Dex: 21    Spells: 7/10 levels left

rFire    + . .     SeeInvis .   f - +0 dagger (venom)
rCold    . . .     Faith    .   (no shield)
rNeg     . . .     Spirit   .   w - +3 leather armour
rPois    .         Reflect  .   (no helmet)
rElec    .         Harm     .   j - scarf {repulsion}
rCorr    .         Rampage  .   (no gloves)
Will     .....                  o - +0 pair of boots
Stlth    +++.......             A - amulet of the acrobat
HPRegen  0.08/turn              e - +6 ring of dexterity
MPRegen  0.12/turn              m - ring of protection from fire

@: lethally poisoned (0 -> -2), acrobatic, repel missiles
A: no striking features
a: no special abilities


You were on level 4 of the Dungeon.
You visited 1 branch of the dungeon, and saw 4 of its levels.

You collected 143 gold pieces.

Inventory:

Hand Weapons
 f - a +0 dagger of venom (weapon)
 q - a +0 quarterstaff
 v - a +1 hand axe of flaming
Missiles
 b - 114 stones (quivered)
 r - 36 bolts
 u - 31 sling bullets
 x - 34 arrows
Armour
 a - a +0 robe
 j - a scarf of repulsion (worn)
 o - a +0 pair of boots (worn)
 w - a +3 leather armour (worn)
Magical Staves
 y - a staff of death
Jewellery
 e - a +6 ring of dexterity (left hand)
 m - a ring of protection from fire (right hand)
 A - an amulet of the acrobat (around neck)
Scrolls
 d - a scroll of enchant armour {unknown}
 g - 3 scrolls of teleportation {unknown}
 k - 4 scrolls of identify {unknown}
 n - a scroll of immolation {unknown}
 p - a scroll of acquirement {unknown}
 s - a scroll of silence {unknown}
 t - a scroll of vulnerability {unknown}
Potions
 c - a potion of degeneration {unknown}
 h - a potion of flight {unknown}
 i - a potion of berserk rage {unknown}
 l - a potion of invisibility {unknown}


   Skills:
 + Level 3.4 Dodging
 + Level 3.4 Stealth
 + Level 3.8 Spellcasting
 + Level 2.1 Transmutations
 + Level 0.3 Air Magic
 * Level 4.5 Poison Magic


You had 7 spell levels left.
You knew the following spells:

 Your Spells              Type           Power      Damage    Failure   Level
a - Sting                 Tmut/Pois      72%        1d6       5%          1
b - Poisonous Vapours     Pois/Air       28%        N/A       12%         2

Your spell library contained the following spells:

 Spells                   Type           Power      Damage    Failure   Level
 Mephitic Cloud           Conj/Pois/Air  10%        N/A       30%         3
 Olgreb's Toxic Radiance  Pois           23%        N/A       32%         4


Dungeon Overview and Level Annotations

Branches:
Dungeon (4/15)
 Temple: D:4-7

Altars:

Annotations:
D:1 !


Message History

The water moccasin closely misses you.
The water moccasin completely misses you.
Casting: Sting (safe; 5% risk of failure)
Confirm with . or Enter, or press ? or * to list all spells.
Aiming: Sting (safe; 5% risk of failure)
Press: ? - help, Shift-Dir - straight line, f/p - water moccasin
Aim: a water moccasin (lightly wounded, poisoned, 57% to hit)
The sting misses the water moccasin.
The water moccasin bites you.
The water moccasin bites you but does no damage.
Casting: Sting (safe; 5% risk of failure)
Confirm with . or Enter, or press ? or * to list all spells.
Aiming: Sting (safe; 5% risk of failure)
Press: ? - help, Shift-Dir - straight line, f/p - water moccasin
Aim: a water moccasin (lightly wounded, poisoned, 57% to hit)
The sting hits the water moccasin.
The water moccasin looks even sicker.
The water moccasin is moderately wounded.
The water moccasin bites you but does no damage.
Casting: Sting (safe; 5% risk of failure)
Confirm with . or Enter, or press ? or * to list all spells.
Aiming: Sting (safe; 5% risk of failure)
Press: ? - help, Shift-Dir - straight line, f/p - water moccasin
Aim: a water moccasin (moderately wounded, very poisoned, 57% to hit)
The sting hits the water moccasin.
The water moccasin partially resists.
The water moccasin is moderately wounded.
The water moccasin bites you.
You are lethally poisoned!
The water moccasin poisons you!
You feel very sick. The water moccasin misses you.
* * * LOW HITPOINT WARNING * * *
You feel very sick.
* * * LOW HITPOINT WARNING * * *
You feel sick.
* * * LOW HITPOINT WARNING * * *
You feel sick. The water moccasin misses you.
* * * LOW HITPOINT WARNING * * *
You feel sick.
* * * LOW HITPOINT WARNING * * *
You feel sick. The water moccasin closely misses you.
You die...

#...##...##..###
#...##...##..########
#...........>.'.....(
#.............#......
#...##........# .....
#...##........# ....
#..S########.## .##
#...##....##)# #
#...@.....#...
#.........#....
#.........#
#...##....#
#####.....# #....##
##...########
#...........#
#...........#


You could see a water moccasin (poisoned).

Vanquished Creatures
  5 adders (D:2)
  3 worms
  2 dart slugs (D:3)
  4 orcs (D:3)
  9 endoplasms
  2 giant cockroaches
  6 goblins
  9 hobgoblins
  A quokka (D:2)
  7 ball pythons
  7 bats
  4 frilled lizards (D:2)
  6 kobolds
  7 rats
72 creatures vanquished.

Notes
Turn   | Place    | Note
-------+----------+-------------------------------------------
     0 | D:1      | Descartes the Deep Elf Venom Mage began the quest for the
                  | Orb.
     0 | D:1      | Reached XP level 1. HP: 10/10 MP: 6/6
   505 | D:1      | Reached XP level 2. HP: 15/15 MP: 6/8
   607 | D:1      | Found a faded altar of an unknown god.
  1538 | D:2      | Reached XP level 3. HP: 10/19 MP: 5/9
  1757 | D:2      | Reached skill level 4 in Poison Magic
  1961 | D:2      | Reached XP level 4. HP: 21/24 MP: 5/11
  2595 | D:2      | Learned a level 2 spell: Poisonous Vapours
  3783 | D:4      | Noticed an ogre
  4075 | D:4      | Noticed a water moccasin
  4096 | D:4      | HP: 1/24 [poisoned by a water moccasin]
  4097 | D:4      | Succumbed to a water moccasin's poison

Illustrated notes

Levels and vault maps discovered:
D:1:      minmay_arrival_open_corners, layout_basic,
          hellmonk_ecumenical_altar_pennies_from_heaven
D:2:      layout_loops_ring, minmay_joined_circles
D:3:      layout_basic
D:4:      layout_gridville, nicolae_overflow_hidden_temple, serial_shops,
          nicolae_shop_statue_plus, minmay_fractal_squares_gapless_5

Skill      XL: |  1  2  3  4 |
---------------+-------------+-----
Stealth        | 3 |  3.4
Dodging        | 3 |  3.4
Poison Magic   | 4 |  4.5
Transmutations | 2 |  2.1
Spellcasting   | |  3.8
Air Magic      | |  0.3

Action                   |  1- 3 |  4- 6 || total
-------------------------+-------+-------++-------
Melee: Dagger            |     3 |     8 ||    11
Throw: Dart              |       |     3 ||     3
 Cast: Sting             |    65 |    69 ||   134
       Poisonous Vapours |       |    22 ||    22
Armor: Robe              |     7 |     2 ||     9
       Leather armour    |       |     3 ||     3
Dodge: Dodged            |    20 |    24 ||    44
